 Dungeon Crawl Stone Soup version 0.18.1-47-g9310371 (webtiles) character file.

53321 Enroth the Severer (level 14, -3/81 HPs)
             Began as a Vine Stalker Berserker on June 19, 2016.
             Was the Champion of Trog.
             Slain by an anaconda (15 damage)
             ... on level 1 of the Snake Pit on June 20, 2016.
             The game lasted 01:41:19 (17425 turns).

Enroth the Severer (Vine Stalker Berserker)        Turns: 17425, Time: 01:41:20

Health: -3/81      AC: 12    Str: 25    XL:     14   Next: 68%
Magic:  0/15       EV: 16    Int:  8    God:    Trog [******]
Gold:   1341       SH:  0    Dex: 22    Spells: 0 memorised, 13 levels left

rFire  . . .     SeeInvis .     i - +8 battleaxe (flame)
rCold  . . .     Gourm    .     e - +0 ring mail of Idealism {Str+2}
rNeg   . . .     Faith    .     (shield currently unavailable)
rPois  .         Spirit   +     y - +1 helmet {Int+3}
rElec  .         Dismiss  .     g - +1 cloak {+Inv}
rCorr  .         Reflect  .     (no gloves)
SustAt .         Harm     .     (no boots)
MR     +++..                    h - amulet of regeneration
Stlth  +.........               a - +3 ring of strength
                                n - +3 ring of dexterity

@: lethally poisoned (-3 -> -7), regenerating, constricted, studying Fighting,
extremely resistant to hostile enchantments, very unstealthy
A: fangs 3, hooves 1, dopey 1, regeneration 3, robust 1, shaggy fur 1, magic
shield, antimagic bite, no device heal 3, rot immunity
a: Berserk, Trog's Hand, Brothers in Arms, Burn Spellbooks, Renounce Religion,
Evoke Invisibility


You were on level 1 of the Snake Pit.
You worshipped Trog.
Trog was exalted by your worship.
You were not hungry.

You visited 4 branches of the dungeon, and saw 20 of its levels.
You also visited: Labyrinth and Ossuary.

You collected 1477 gold pieces.
You spent 136 gold pieces at shops.

Inventory:

Hand Weapons
 i - a +8 battleaxe of flaming (weapon)
Armour
 e - the +0 ring mail of Idealism (worn) {Str+2}
   (You found it on level 1 of the Lair of Beasts)

   It affects your strength (+2).
 g - a +1 cloak of invisibility (worn)
 y - a +1 helmet of intelligence (worn)
Jewellery
 a - a +3 ring of strength (right hand)
 h - an amulet of regeneration (around neck)
 n - a +3 ring of dexterity (left hand)
Wands
 A - a wand of teleportation (4/9)
Scrolls
 b - a scroll of fear
 d - 6 scrolls of identify
 f - 7 scrolls of teleportation
 u - 5 scrolls of recharging
 v - 8 scrolls of remove curse
 w - 6 scrolls of blinking
Potions
 j - 2 potions of haste
 k - a potion of berserk rage
 m - a potion of agility
 q - 5 potions of brilliance
 s - 5 potions of curing
 t - 2 potions of flight
 x - a potion of ambrosia
 z - a potion of resistance
Books
 F - a manual of Fighting
Comestibles
 c - 14 bread rations
 l - 9 slices of pizza
 o - 10 meat rations
 p - a beef jerky
 r - 17 fruits
 B - 10 chunks of flesh


   Skills:
 - Level 8.9 Fighting
 + Level 16.9 Axes
 + Level 8.4 Armour
 - Level 8.6 Dodging


You had 13 spell levels left.
You didn't know any spells.

Dungeon Overview and Level Annotations

Branches:
Dungeon (10/15)            Temple (1/1) D:6            Lair (8/8) D:10
 Shoals (0/4) Lair:5        Snake (1/4) Lair:3        Slime (0/6) Lair:8
    Orc: D:9-12

Altars:
Ashenzari
Cheibriados
Dithmenos
Elyvilon
Fedhas
Gozag
Kikubaaqudgha
Makhleb
Nemelex Xobeh
Okawaru
Pakellas
Qazlal
Ru
Sif Muna
Trog
Vehumet
Xom
Yredelemnul
Zin
The Shining One

Shops:
D:5 [

Annotations:
D:8 Blork the orc


Innate Abilities, Weirdness & Mutations

You have razor-sharp teeth.
You regenerate.
When hurt, damage is shared between your health and your magic reserves.
Your bite disrupts and absorbs the magic of your enemies.
Potions and wands cannot restore your health.
You are immune to rotting.
You have large cloven feet.
You are dopey. (Int -2)
You are robust (+10% HP).
You are covered in fur (AC +1).


Message History

You slash the anaconda! You burn the anaconda. Your kick misses the anaconda.
The anaconda is heavily wounded.
Your ring mail of Idealism prevents you from hitting the black mamba.
You feel sick. The naga mage spits poison at you.
The splash of poison hits you!
You are more poisoned.
* * * LOW HITPOINT WARNING * * *
The black mamba barely misses you. The anaconda barely misses you.
The anaconda constricts you.
Your skin crawls.
You feel resistant to hostile enchantments.
You feel slightly more hungry.
You feel sick. The black mamba bites you.
* * * LOW HITPOINT WARNING * * *
You are more poisoned.
The black mamba poisons you!
The naga mage hits you from afar with a spear!
* * * LOW HITPOINT WARNING * * *
The anaconda bites you!
You die...

≈.#.# .# ..≈.#
############.. # ≈≈≈.#
#...........# .# ....#
#...........##.# ≈####
#.........N.#... ...
#...........'.. ######
#..........N# .....#
#........S..#
####'###..†.....@S.#
.......##'#######.......
.).....'..# .#.#'##
..^....#### .# #
.......# .# .......# .#
.......##########.#
.......#..........#
./.....#..........#


You could see an anaconda, a black mamba and 2 naga magi.

Vanquished Creatures
  A minotaur (Lab)
  Fannar (Lair:1)
  Erolcha (D:8)
  3 hydras
  2 anacondas (Snake:1)
  A sea snake (Snake:1)
  A fire crab (Lair:8)
  A naga ritualist (Snake:1)
  A wolf spider (Lair:8)
  2 oklob plants (Lair:5)
  An ugly thing (D:9)
  3 griffons
  6 elephants (Lair:8)
  3 salamanders (Snake:1)
  Maurice (D:8)
  Joseph (D:9)
  A naga mage (Snake:1)
  17 black mambas
  A guardian serpent (Lair:8)
  7 spiny frogs
  A centaur skeleton (D:10)
  2 rime drakes
  8 komodo dragons
  A troll (D:9)
  A two-headed ogre (D:9)
  11 blink frogs
  A boulder beetle (Lair:7)
  A vampire (D:9)
  A redback (Lab)
  Sigmund (D:2)
  A basilisk (Lair:1)
  6 wyverns (Lair:8)
  66 yaks
  A hog (D:7)
  A hungry ghost (Lab)
  A human (D:7)
  9 hippogriffs
  Menkaure (D:5)
  7 nagas
  20 water moccasins
  Duvessa (D:6)
  3 orc warriors
  9 porcupines
  A sky beast (D:9)
  5 wasps (Lair:8)
  2 ogres
  3 phantoms
  6 wolves (Lair:7)
  3 centaurs
  16 crocodiles
  2 big kobolds (D:8)
  24 giant frogs
  A water moccasin zombie (Ossuary)
  5 scorpions
  Dowan (D:6)
  6 killer bees (D:8)
  3 howler monkeys
  4 electric eels
  6 crimson imps
  2 centaur zombies
  6 hounds
  5 jellies
  9 orc wizards
  9 orc priests
  8 iguanas
  6 giant frog skeletons
  Natasha (thrice) (D:2 D:4)
  16 worker ants
  34 sheep
  5 big kobold zombies (Ossuary)
  2 mummies (Ossuary)
  A worker ant zombie (D:9)
  Robin (D:2)
  A howler monkey zombie (D:9)
  5 gnolls
  15 adders
  64 river rats
  2 shadow imps
  2 oozes
  2 adder skeletons
  3 adder zombies (Ossuary)
  A worm (D:2)
  4 giant geckos
  50 orcs
  7 bats
  7 giant cockroaches
  5 gnoll zombies (Ossuary)
  19 goblins
  7 hobgoblins
  2 jackals (D:1)
  13 kobolds
  6 quokkas
  A ball python (D:3)
  A giant gecko skeleton (D:4)
  7 giant newts
  A goblin zombie (D:5)
  2 hobgoblin zombies (Ossuary)
  A jackal skeleton (D:5)
  5 kobold zombies (Ossuary)
  12 orc zombies (Ossuary)
  2 quokka skeletons
  A quokka zombie (D:5)
  6 rats
  A bush (Lair:5)
  12 fungi
  8 plants
679 creatures vanquished.

Vanquished Creatures (others)
  A human (D:2)
  14 fungi (Lair:8)
  17 plants (Lair:8)
32 creatures vanquished.

Grand Total: 711 creatures vanquished

Notes
Turn   | Place    | Note
--------------------------------------------------------------
     0 | D:1      | Enroth the Vine Stalker Berserker began the quest for the Orb.
     0 | D:1      | Reached XP level 1. HP: 11/11 MP: 2/2
   109 | D:1      | Reached XP level 2. HP: 5/16 MP: 3/3
   292 | D:1      | Reached skill level 3 in Axes
   292 | D:1      | Reached XP level 3. HP: 20/20 MP: 4/4
   568 | D:1      | Reached ** piety under Trog
   842 | D:2      | Found a white marble altar of Elyvilon.
  1016 | D:2      | Found an ancient bone altar of Kikubaaqudgha.
  1018 | D:2      | Noticed a human
  1019 | D:2      | Killed a human
  1099 | D:2      | Reached XP level 4. HP: 24/24 MP: 5/5
  1122 | D:2      | Noticed Sigmund
  1128 | D:2      | Killed Sigmund
  1128 | D:2      | Reached skill level 4 in Axes
  1128 | D:2      | Reached XP level 5. HP: 20/29 MP: 3/6
  1211 | D:2      | Noticed Robin
  1212 | D:2      | Noticed Natasha
  1218 | D:2      | Killed Natasha
  1218 | D:2      | Gained mutation: You heal very quickly. [Vine Stalker growth]
  1218 | D:2      | Reached XP level 6. HP: 33/33 MP: 4/7
  1220 | D:2      | Killed Robin
  1296 | D:2      | Reached *** piety under Trog
  1394 | D:2      | Noticed Natasha
  1396 | D:2      | Killed Natasha
  2033 | D:3      | Found a shimmering altar of Xom.
  2241 | D:3      | Reached XP level 7. HP: 38/38 MP: 8/8
  2242 | D:3      | Reached **** piety under Trog
  2532 | D:4      | Reached skill level 5 in Axes
  2585 | D:4      | Found a blossoming altar of Fedhas.
  2790 | D:4      | Found an oddly glowing altar of Pakellas.
  2890 | D:4      | Noticed Natasha
  2909 | D:4      | Killed Natasha
  2914 | D:4      | Gained mutation: You have razor-sharp teeth. [Vine Stalker growth]
  2914 | D:4      | Reached XP level 8. HP: 10/42 MP: 9/9
  3050 | D:4      | Found a burning altar of Makhleb.
  3058 | D:4      | Noticed an Executioner
  3128 | D:4      | Found an iron altar of Okawaru.
  3141 | D:4      | Reached skill level 5 in Fighting
  3216 | D:5      | Entered Level 5 of the Dungeon
  3250 | D:5      | Found a bloodstained altar of Trog.
  3325 | D:5      | Gained mutation: You are partially covered in iridescent scales (AC +4). [potion of mutation]
  3325 | D:5      | Lost mutation: You are partially covered in iridescent scales (AC +4). [potion of mutation]
  3325 | D:5      | Gained mutation: You have large cloven feet. [potion of mutation]
  3340 | D:5      | Noticed Menkaure
  3346 | D:5      | Killed Menkaure
  3378 | D:5      | Found a glowing golden altar of the Shining One.
  3521 | D:5      | Reached skill level 5 in Dodging
  3726 | D:5      | Found a sand-covered staircase.
  3733 | Ossuary  | Entered an ossuary
  3892 | Ossuary  | Reached skill level 6 in Axes
  4006 | D:5      | Reached XP level 9. HP: 35/48 MP: 10/10
  4065 | D:5      | Found Coohojeu's Antique Armour Shop.
  4073 | D:5      | Bought a runed cloak for 94 gold pieces
  4073 | D:5      | Bought a runed leather armour for 42 gold pieces
  4117 | D:5      | Gained mutation: You are dopey. (Int -2) [potion of mutation]
  4117 | D:5      | Gained mutation: You are robust (+10% HP). [potion of mutation]
  4117 | D:5      | Gained mutation: You are covered in fur (AC +1). [potion of mutation]
  4569 | D:6      | Noticed Dowan
  4570 | D:6      | Noticed Duvessa
  4575 | D:6      | Killed Dowan
  4579 | D:6      | Killed Duvessa
  4659 | D:6      | Reached ***** piety under Trog
  5394 | D:6      | Found a staircase to the Ecumenical Temple.
  5400 | Temple   | Entered the Ecumenical Temple
  5931 | D:7      | Reached skill level 7 in Axes
  5976 | D:7      | Received a gift from Trog
  5976 | D:7      | Reached XP level 10. HP: 29/60 MP: 5/11
  6337 | D:8      | Noticed Maurice
  6350 | D:8      | Killed Maurice
  6493 | D:8      | Noticed Erolcha
  6505 | D:8      | Killed Erolcha
  6545 | D:8      | Reached skill level 8 in Axes
  6810 | D:8      | Noticed Blork the orc
  6816 | D:8      | Found a deep blue altar of Sif Muna.
  6998 | D:9      | Noticed a cyan ugly thing
  7006 | D:9      | Killed a brown ugly thing
  7116 | D:9      | Reached XP level 11. HP: 42/66 MP: 12/12
  7323 | D:9      | Noticed Joseph
  7345 | D:9      | Killed Joseph
  7823 | D:10     | Entered Level 10 of the Dungeon
  7828 | D:10     | Received a gift from Trog
  7828 | D:10     | Reached skill level 9 in Axes
  7839 | D:10     | Got a brightly glowing rapier {god gift}
  7840 | D:10     | Identified the +1 rapier of Victory {vamp, Int+2} (Trog gifted it to you on level 10 of the Dungeon)
  8158 | D:10     | Reached skill level 10 in Axes
  8303 | D:10     | Found a staircase to the Lair.
  8412 | Lair:1   | Entered Level 1 of the Lair of Beasts
  8463 | Lair:1   | Got a crude ring mail
  8476 | Lair:1   | Identified the cursed +0 ring mail of Idealism {Str+2} (You found it on level 1 of the Lair of Beasts)
  8509 | Lair:1   | Reached skill level 11 in Axes
  8514 | Lair:1   | Noticed Fannar
  8564 | Lair:1   | Reached ****** piety under Trog
  8574 | Lair:1   | Killed Fannar
  8660 | Lair:1   | Gained mutation: You regenerate. [Vine Stalker growth]
  8660 | Lair:1   | Reached XP level 12. HP: 22/71 MP: 5/13
  8752 | Lair:1   | Reached skill level 12 in Axes
  9004 | Lair:1   | Reached skill level 5 in Armour
  9570 | Lair:2   | Received a gift from Trog
  9710 | Lair:2   | Noticed a seven-headed hydra
  9715 | Lair:2   | Killed a five-headed hydra
  9743 | Lair:2   | Reached skill level 13 in Axes
 10469 | Lair:3   | Found a staircase to the Snake Pit.
 10643 | Lair:3   | Reached XP level 13. HP: 72/77 MP: 14/14
 11145 | Lair:4   | Reached skill level 14 in Axes
 11379 | Lair:4   | Received a gift from Trog
 11881 | Lair:5   | Found a staircase to the Shoals.
 12432 | Lair:6   | Found a labyrinth entrance.
 12446 | Lab      | Entered a labyrinth
 14423 | Lab      | Noticed a minotaur
 14427 | Lab      | Killed a minotaur
 15267 | Lair:7   | Reached skill level 15 in Axes
 15472 | Lair:7   | Identified a +3 rod of ignition (14/14) (You found it on level 7 of the Lair of Beasts)
 15737 | Lair:8   | Entered Level 8 of the Lair of Beasts
 15827 | Lair:8   | Received a gift from Trog
 15831 | Lair:8   | Got a shimmering demon whip {god gift}
 15832 | Lair:8   | Identified the +1 demon whip of Lusiqoi {elec, rElec} (Trog gifted it to you on level 8 of the Lair of Beasts)
 16119 | Lair:8   | Reached XP level 14. HP: 65/81 MP: 12/15
 16175 | Lair:8   | Found a staircase to the Slime Pits.
 16431 | Lair:8   | Reached skill level 16 in Axes
 16474 | Lair:8   | Received a gift from Trog
 17074 | Snake:1  | Entered Level 1 of the Snake Pit
 17425 | Snake:1  | Slain by an anaconda

Skill      XL: |  1  2  3  4  5  6  7  8  9 10 11 12 13 14 |
---------------+-------------------------------------------+-----
Fighting       | 3 4 6 7 8 |  8.9
Axes           | 3 4 5 6 7 8 11 13 15 16 | 16.9
Armour         | 2 3 4 6 7 8 |  8.4
Dodging        | 2 3 4 5 6 8 |  8.6

Action                   |  1- 3 |  4- 6 |  7- 9 | 10-12 | 13-15 || total
-------------------------+-------+-------+-------+-------+-------++-------
Melee: Hand axe          |    83 |   110 |   484 |   208 |       ||   885
       Bite              |    19 |    33 |   181 |   179 |   188 ||   600
       Kick              |       |       |   146 |   186 |   182 ||   514
       Battleaxe         |       |       |       |   324 |   437 ||   761
Invok: Berserk           |     2 |     3 |     5 |    12 |     2 ||    24
       Trog's Hand       |       |       |       |       |     1 ||     1
  Use: Potion            |       |       |    14 |     2 |       ||    16
       Scroll            |       |       |    10 |    16 |    14 ||    40
 Stab: Distracted        |       |       |     1 |       |       ||     1
       Invisible         |       |       |       |     2 |       ||     2
  Eat: Chunk             |     3 |     5 |    17 |    29 |    16 ||    70
       Pizza             |       |       |     1 |       |       ||     1
       Beef jerky        |       |       |     1 |       |     5 ||     6
Armor: Animal skin       |     2 |       |       |       |       ||     2
       Leather armour    |    24 |    17 |   111 |    56 |       ||   208
       Ring mail         |       |       |       |    41 |    97 ||   138
Dodge: Dodged            |    59 |    73 |   360 |   414 |   363 ||  1269
